Map: 亚历山大港 - 天梯版

Players

iGMacSed (MacSed)

  • Race: Protoss Protoss

Seventy - Winner!

  • Race: Protoss Protoss
  • League: Diamond

Event: WESG 2018 Grand Finals

VOD

Have the link to the VOD?

Description

Time

  • Played on: March 12, 2019, 3:09 a.m.
  • Length: 3:39

All games in this series

Show
View Real Time Build Order
Export as new Build Order

iGMacSed Protoss 

Build Orders:  

Get SALT Encoding   

  12  0:00  Probe  
  13  0:12  Probe  
  14  0:17  Pylon  
  14  0:24  Probe  
  15  0:33  Probe  
  15  0:38  Forge  
  15  0:41  Probe  
  17  0:51  Probe  
  18  1:17  Pylon  
  18  1:28  Probe  
  18  1:30  Assimilator  
  19  1:35  Assimilator  
  19  1:37  Photon Cannon  
  19  1:44  Pylon  
  19  1:48  Probe  
  20  2:03  Photon Cannon  
  20  2:08  Probe  
  20  2:12  Photon Cannon  
  20  2:15  Photon Cannon  
  21  2:26  Gateway  
  19  2:30  Photon Cannon  
  19  2:33  Probe  
  20  2:38  Pylon  
  20  2:48  Photon Cannon  
  14  3:11  Photon Cannon  
Show
View Real Time Build Order
Export as new Build Order

Seventy Protoss - Winner!

Build Orders:  

Get SALT Encoding   

  1  0:00  Probe  
  12  0:05  Probe  
  14  0:15  Probe  
  15  0:23  Pylon  
  15  0:42  Pylon, Probe  
  16  0:50  Gateway  
  16  0:54  Probe  
  17  1:01  Gateway  
  17  1:13  Gateway  
  17  1:28  Zealot  
  17  1:31  Gateway  
  19  1:50  Zealot  
  21  2:09  Zealot  
  21  2:10  Zealot  
  25  2:29  Zealot  
  27  2:36  Zealot  
  27  2:51  Zealot  
  27  3:02  Zealot  
  27  3:03  Zealot  
Tags
 
Add a new tag
Caveats
  • Supply blocks, unpowered buildings, or Contaminate may cause inaccurate times.
  • Supply counts are checked every 10 seconds.